COLORADO Avalanche vs TORONTO Maple Leafs

Created - 6 mars 2024 at 11:01

Goals
1 2 3 T
COLORADO Avalanche 4 2 0 6
TORONTO Maple Leafs 2 1 1 4
Shots
1 2 3 T
COLORADO Avalanche 12 11 6 29
TORONTO Maple Leafs 12 5 6 23

1st period

1. TORONTO Maple Leafs , Tyler Seguin 20 (Corey Perry 17, Shayne Gostisbehere 21) at 4:44
2. COLORADO Avalanche , Craig Smith 5 (Jordie Benn 6, Nick Foligno 14) at 5:19
3. COLORADO Avalanche , David Pastrnak 20 (Jeff Skinner 30) at 10:15
4. TORONTO Maple Leafs , Ryan Carpenter 4 (Alex Goligoski 5, Jonah Gadjovich 3) at 14:46
5. COLORADO Avalanche , David Pastrnak 21 (Jeff Skinner 31, Tyson Barrie 24) at 15:14
6. COLORADO Avalanche , Craig Smith 6 (Tyson Barrie 25, Nick Foligno 15) at 19:59

Penalties :
Matt Murray (TOR) for Slashing (Minor) at 6:34 - Sam Lafferty served the penalty.

2nd period

7. COLORADO Avalanche , Jason Zucker 10 (Trevor Zegras 23, Jonathan Quick) at 2:41 (PP)
8. COLORADO Avalanche , Alex Iafallo 10 (Jason Zucker 17, Trevor Zegras 24) at 10:43
9. TORONTO Maple Leafs , Artem Zub 2 (Alex Goligoski 6) at 10:57

Penalties :
Vince Dunn (TOR) for High sticking (Double Minor) at 1:35, Jonah Gadjovich (TOR) for Roughing (Minor) at 5:49

3rd period

10. TORONTO Maple Leafs , Shayne Gostisbehere 12 (Vince Dunn 31, Tyler Seguin 20) at 10:33

Penalties :
Zach Bogosian (COL) for Holding (Minor) at 12:53

Goalie Stats

Jonathan Quick (COL), 19 saves from 23 shots - (0,826), W, 19-20-3, 60:00 minutes
Alex Nedeljkovic (TOR), 14 saves from 15 shots - (0,933), 37:19 minutes
Matt Murray (TOR), 9 saves from 14 shots - (0,643), L, 19-18-3, 22:41 minutes

Players Stats for COLORADO Avalanche

Player Name              G  A  P  +/- PIM S  H  SB GA TA FO     MP     PP MP  PK MP  
------------------------------------------------------------------------------------
Alex Iafallo             1  0  1  -2  0   5  2  1  0  0  0/0    19:39   3:17   0:54 
Craig Smith              2  0  2   2  0   4  0  0  0  0  7/12    7:16   0:00   0:00 
David Pastrnak           2  0  2   1  0   4  0  0  0  0  0/3    22:12   3:46   0:00 
Jake DeBrusk             0  0  0   1  0   1  2  0  0  0  0/0    22:37   3:46   0:25 
Jason Zucker             1  1  2  -2  0   2  0  0  0  0  0/1    19:06   2:54   0:44 
Jeff Skinner             0  2  2   1  0   1  1  0  0  0  11/26  22:32   3:41   0:25 
Jordan Eberle            0  0  0   0  0   1  0  0  0  0  0/0     9:48   0:00   0:00 
Jordie Benn              0  1  1   0  0   0  1  1  0  0  0/0    13:41   0:00   0:45 
Kris Russell             0  0  0   0  0   0  1  1  0  0  0/0    14:24   0:22   0:50 
Mark Pysyk               0  0  0  -1  0   0  3  1  0  0  0/0    20:02   3:24   0:00 
Nick Foligno             0  2  2   2  0   2  4  0  0  0  3/7    17:15   0:11   0:00 
Oliver Ekman-Larsson     0  0  0   2  0   2  1  2  0  0  0/0    25:39   3:17   1:14 
Tomas Nosek              0  0  0   0  0   1  0  0  0  0  0/0    10:55   0:17   0:50 
Trevor Zegras            0  2  2  -2  0   1  1  0  0  0  9/21   19:29   3:17   0:44 
Tyler Johnson            0  0  0   0  0   0  0  0  0  0  0/0     0:00   0:00   0:00 
Tyson Barrie             0  2  2   2  0   3  4  0  0  0  0/0    25:30   3:17   1:05 
Zach Aston-Reese         0  0  0   2  0   2  0  0  0  0  0/0     7:16   0:00   0:00 
Zach Bogosian            0  0  0  -1  2   0  2  0  0  0  0/0    20:39   3:46   0:00 

Players Stats for TORONTO Maple Leafs

Player Name              G  A  P  +/- PIM S  H  SB GA TA FO     MP     PP MP  PK MP  
------------------------------------------------------------------------------------
Alex Goligoski           0  2  2   1  0   2  0  2  0  0  0/0    16:56   0:43   3:45 
Alexander Holtz          0  0  0   1  0   1  0  0  0  0  0/0     6:33   0:00   0:00 
Artem Zub                1  0  1   1  0   2  2  0  0  0  0/0    14:02   0:43   0:12 
Colin White              0  0  0   0  0   1  0  0  0  0  0/1    17:14   0:42   0:34 
Corey Perry              0  1  1  -1  0   1  1  0  0  0  2/2    22:09   0:34   3:30 
Janne Kuokkanen          0  0  0   1  0   0  0  0  0  0  0/0     6:33   0:00   0:00 
John Marino              0  0  0  -1  0   0  1  0  0  0  0/0    21:35   0:34   3:18 
Jonah Gadjovich          0  1  1  -1  2   0  4  0  0  0  0/1    12:19   0:43   1:15 
Josh Bailey              0  0  0  -1  0   1  0  0  0  0  1/3    21:01   0:34   2:22 
Kevin Stenlund           0  0  0   1  0   0  2  0  0  0  6/10    6:33   0:00   0:00 
Mark Jankowski           0  0  0   0  0   1  1  0  0  0  0/0    17:36   0:42   0:56 
Nick Leddy               0  0  0  -1  0   0  2  1  0  0  0/0    21:35   0:34   3:18 
Ryan Carpenter           1  0  1  -1  0   1  1  0  0  0  4/9    11:05   0:43   0:00 
Sam Lafferty             0  0  0   0  0   1  2  0  0  0  12/19  18:16   0:42   1:36 
Shayne Gostisbehere      1  1  2  -1  0   1  2  3  0  0  0/0    24:23   0:42   3:33 
Simon Holmstrom          0  0  0  -1  0   1  0  0  0  0  0/0    11:05   0:43   0:00 
Tyler Seguin             1  1  2  -1  0   6  1  1  0  0  15/25  22:32   0:34   3:53 
Vince Dunn               0  1  1  -1  4   4  4  1  0  0  0/0    21:28   0:42   0:00 

3 Stars

1 - Craig Smith (COL)
2 - David Pastrnak (COL)
3 - Tyson Barrie (COL)

Power Play

COLORADO Avalanche - 1 on 4 Attempt(s) - 25,00%
TORONTO Maple Leafs - 0 on 1 Attempt(s) - 0,00%

Penalty Kill

COLORADO Avalanche - 1 on 1 Attempt(s) - 100,00% - Score 0 goal in Penalty Kill
TORONTO Maple Leafs - 3 on 4 Attempt(s) - 75,00% - Score 0 goal in Penalty Kill

Team Stat

COLORADO Avalanche - Hits : 22 - Faceoff Wins : 30 - Blocked Shots : 6 - Penalty Minutes : 2
TORONTO Maple Leafs - Hits : 23 - Faceoff Wins : 40 - Blocked Shots : 8 - Penalty Minutes : 8

Official

Referees : Kelly Sutherland and Wes McCauley
Linesman : Meghan Mallette and Jesse Marquis

Game Notes

Alex Nedeljkovic enters game at 2:41 of 2nd period

Finance

Level 1 -- Attendance: 6079 (86,84%) -- Ticket Income $577,505
Level 2 -- Attendance: 4541 (75,68%) -- Ticket Income $272,460
Level 3 -- Attendance: 1654 (55,13%) -- Ticket Income $66,160
Level 4 -- Attendance: 4319 (71,98%) -- Ticket Income $86,380
Luxury Box -- Attendance: 650 (65,00%) -- Ticket Income $146,250
Game was played at the Air Canada Centre.
Total Attendance: 17243 (74,97%)
Total Ticket Income: $1,148,755
Other Income: $287,189
Total Income: $1,435,944

COLORADO Avalanche

5 vs 5 Forward 
   Center                   Left Wing                Right Wing               Time % Phy DF OF 
 1 Jeff Skinner             Jake DeBrusk             David Pastrnak           40     0   2  3  
 2 Trevor Zegras            Alex Iafallo             Jason Zucker             30     0   2  3  
 3 Nick Foligno             Tomas Nosek              Jordan Eberle            20     1   2  2  
 4 Craig Smith              Zach Aston-Reese         Nick Foligno             10     1   2  2  

5 vs 5 Defense 
   Defense                  Defense                                           Time % Phy DF OF 
 1 Tyson Barrie             Oliver Ekman-Larsson                              40     1   2  2  
 2 Zach Bogosian            Mark Pysyk                                        30     1   2  2  
 3 Kris Russell             Jordie Benn                                       20     1   2  2  
 4 Tyson Barrie             Oliver Ekman-Larsson                              10     1   2  2  

PowerPlay Forward 
   Center                   Left Wing                Right Wing               Time % Phy DF OF 
 1 Jeff Skinner             Jake DeBrusk             David Pastrnak           60     1   2  2  
 2 Trevor Zegras            Alex Iafallo             Jeff Skinner             40     1   2  2  

PowerPlay Defense
   Defense                  Defense                                           Time % Phy DF OF 
 1 Tyson Barrie             Oliver Ekman-Larsson                              60     1   2  2  
 2 Zach Bogosian            Mark Pysyk                                        40     1   2  2  

Penalty Kill 4 Players Forward 
   Center                   Wing                     Time % Phy DF OF 
 1 Jeff Skinner             Jake DeBrusk             60     1   2  2  
 2 Trevor Zegras            Jason Zucker             40     1   2  2  

Penalty Kill 4 Players Defense
   Defense                  Defense                  Time % Phy DF OF 
 1 Tyson Barrie             Oliver Ekman-Larsson     60     1   2  2  
 2 Zach Bogosian            Mark Pysyk               40     1   2  2  

Penalty Kill - 3 Players Forward 
   Forward                                           Time % Phy DF OF 
 1 Jeff Skinner                                      60     1   2  2  
 2 Trevor Zegras                                     40     1   2  2  

Penalty Kill - 3 Players Defense
   Defense                  Defense                  Time % Phy DF OF 
 1 Tyson Barrie             Oliver Ekman-Larsson     60     1   2  2  
 2 Zach Bogosian            Mark Pysyk               40     1   2  2  

4 vs 4 Forward 
   Center                   Wing                     Time % Phy DF OF 
 1 Jeff Skinner             Jake DeBrusk             60     1   2  2  
 2 Trevor Zegras            Jason Zucker             40     1   2  2  

4 vs 4 Defense
   Defense                  Defense                  Time % Phy DF OF 
 1 Tyson Barrie             Oliver Ekman-Larsson     60     1   2  2  
 2 Zach Bogosian            Mark Pysyk               40     1   2  2  

Last Minutes Offensive
   Center                   Left Wing                Right Wing               Defense                  Defense                  
   Jeff Skinner             Jake DeBrusk             David Pastrnak           Tyson Barrie             Oliver Ekman-Larsson     

Last Minutes Defensive
   Center                   Left Wing                Right Wing               Defense                  Defense                  
   Jeff Skinner             Jake DeBrusk             David Pastrnak           Tyson Barrie             Oliver Ekman-Larsson     

Goaltenders
Starting : Jonathan Quick           
Backup : Magnus Hellberg          

Extra Forwards
Normal : Jason Zucker, Alex Iafallo, Trevor Zegras - PP : Jason Zucker, Alex Iafallo - PK : Jason Zucker
Extra Defensemen
Normal : Mark Pysyk, Kris Russell, Jordie Benn - PP : Mark Pysyk - PK : Mark Pysyk, Kris Russell
Penalty Shots
David Pastrnak, Jeff Skinner, Jake DeBrusk, Jordan Eberle, Jason Zucker

Scratches
None

TORONTO Maple Leafs

5 vs 5 Forward 
   Center                   Left Wing                Right Wing               Time % Phy DF OF 
 1 Tyler Seguin             Josh Bailey              Corey Perry              40     1   2  2  
 2 Sam Lafferty             Mark Jankowski           Colin White              30     1   2  2  
 3 Ryan Carpenter           Jonah Gadjovich          Simon Holmstrom          20     1   2  2  
 4 Kevin Stenlund           Janne Kuokkanen          Alexander Holtz          10     1   2  2  

5 vs 5 Defense 
   Defense                  Defense                                           Time % Phy DF OF 
 1 Vince Dunn               Shayne Gostisbehere                               40     1   2  2  
 2 Nick Leddy               John Marino                                       30     1   2  2  
 3 Alex Goligoski           Artem Zub                                         20     1   2  2  
 4 Vince Dunn               Shayne Gostisbehere                               10     1   2  2  

PowerPlay Forward 
   Center                   Left Wing                Right Wing               Time % Phy DF OF 
 1 Tyler Seguin             Josh Bailey              Corey Perry              60     1   2  2  
 2 Sam Lafferty             Mark Jankowski           Colin White              40     1   2  2  

PowerPlay Defense
   Defense                  Defense                                           Time % Phy DF OF 
 1 Vince Dunn               Shayne Gostisbehere                               60     1   2  2  
 2 Nick Leddy               John Marino                                       40     1   2  2  

Penalty Kill 4 Players Forward 
   Center                   Wing                     Time % Phy DF OF 
 1 Tyler Seguin             Corey Perry              60     1   2  2  
 2 Josh Bailey              Sam Lafferty             40     1   2  2  

Penalty Kill 4 Players Defense
   Defense                  Defense                  Time % Phy DF OF 
 1 Alex Goligoski           Shayne Gostisbehere      60     1   2  2  
 2 Nick Leddy               John Marino              40     1   2  2  

Penalty Kill - 3 Players Forward 
   Forward                                           Time % Phy DF OF 
 1 Tyler Seguin                                      60     1   2  2  
 2 Corey Perry                                       40     1   2  2  

Penalty Kill - 3 Players Defense
   Defense                  Defense                  Time % Phy DF OF 
 1 Vince Dunn               Shayne Gostisbehere      60     1   2  2  
 2 Nick Leddy               John Marino              40     1   2  2  

4 vs 4 Forward 
   Center                   Wing                     Time % Phy DF OF 
 1 Tyler Seguin             Corey Perry              60     1   2  2  
 2 Josh Bailey              Sam Lafferty             40     1   2  2  

4 vs 4 Defense
   Defense                  Defense                  Time % Phy DF OF 
 1 Artem Zub                Shayne Gostisbehere      60     1   2  2  
 2 Nick Leddy               John Marino              40     1   2  2  

Last Minutes Offensive
   Center                   Left Wing                Right Wing               Defense                  Defense                  
   Tyler Seguin             Josh Bailey              Corey Perry              Vince Dunn               Shayne Gostisbehere      

Last Minutes Defensive
   Center                   Left Wing                Right Wing               Defense                  Defense                  
   Tyler Seguin             Josh Bailey              Corey Perry              Vince Dunn               Shayne Gostisbehere      

Goaltenders
Starting : Matt Murray              
Backup : Alex Nedeljkovic         

Extra Forwards
Normal : Ryan Carpenter, Simon Holmstrom, Jonah Gadjovich - PP : Ryan Carpenter, Simon Holmstrom - PK : Jonah Gadjovich
Extra Defensemen
Normal : Alex Goligoski, Artem Zub, Vince Dunn - PP : Alex Goligoski - PK : Artem Zub, Vince Dunn
Penalty Shots
Tyler Seguin, Corey Perry, Josh Bailey, Sam Lafferty, Colin White

Scratches
Mark Friedman (Healthy), Dennis Gilbert (Healthy)

% Time on Ice - COLORADO Avalanche

Lines # - Real PCT - Wanted PCT - Time Play
Normal Forward
1 - 36% - 40% - 18:26
2 - 30% - 30% - 15:28
3 - 19% - 20% - 9:48
4 - 14% - 10% - 7:16
Normal Defense
1 - 38% - 40% - 19:12
2 - 33% - 30% - 16:54
3 - 25% - 20% - 12:56
4 - 4% - 10% - 1:56
PP Forward
1 - 53% - 60% - 3:46
2 - 47% - 40% - 3:17
PP Defense
1 - 52% - 60% - 3:39
2 - 48% - 40% - 3:24
PK Forward
1 - 63% - 60% - 1:15
2 - 37% - 40% - 0:44
PK Defense
1 - 86% - 60% - 1:42
2 - 14% - 40% - 0:17
PK3 Forward
1 - 0% - 60%
2 - 0% - 40%
PK3 Defense
1 - 0% - 60%
2 - 0% - 40%
44 Forward
1 - 0% - 60%
2 - 0% - 40%
44 Defense
1 - 0% - 60%
2 - 0% - 40%
Last Minute Offensive  - 0:00
Last Minute Defensive  - 0:00
Total
Forward - 60:00
Defense - 60:00

% Time on Ice - TORONTO Maple Leafs

Lines # - Real PCT - Wanted PCT - Time Play
Normal Forward
1 - 35% - 40% - 18:05
2 - 31% - 30% - 15:58
3 - 20% - 20% - 10:22
4 - 13% - 10% - 6:33
Normal Defense
1 - 38% - 40% - 19:12
2 - 35% - 30% - 17:43
3 - 24% - 20% - 12:28
4 - 3% - 10% - 1:35
PP Forward
1 - 65% - 60% - 1:17
2 - 35% - 40% - 0:42
PP Defense
1 - 35% - 60% - 0:42
2 - 65% - 40% - 1:17
PK Forward
1 - 66% - 60% - 4:41
2 - 34% - 40% - 2:22
PK Defense
1 - 53% - 60% - 3:45
2 - 47% - 40% - 3:18
PK3 Forward
1 - 0% - 60%
2 - 0% - 40%
PK3 Defense
1 - 0% - 60%
2 - 0% - 40%
44 Forward
1 - 0% - 60%
2 - 0% - 40%
44 Defense
1 - 0% - 60%
2 - 0% - 40%
Last Minute Offensive  - 0:00
Last Minute Defensive  - 0:00
Total
Forward - 60:00
Defense - 60:00

Play-by-Play

1st period


0:01 of 1st period - Tyler Seguin wins face-off versus Jeff Skinner in neutral zone.
1:25 of 1st period - Icing by Mark Pysyk.
1:26 of 1st period - Ryan Carpenter wins face-off versus Trevor Zegras in COLORADO Avalanche zone.
1:26 of 1st period - Ryan Carpenter is hit by Mark Pysyk.
2:33 of 1st period - Vince Dunn is hit by Nick Foligno and loses puck.
2:39 of 1st period - Tomas Nosek is hit by Vince Dunn and loses puck.
3:27 of 1st period - Shot by Josh Bailey.
3:27 of 1st period - Deflect By Tyler Seguin.
3:27 of 1st period - Shot Misses the Net.
3:37 of 1st period - Shot by Corey Perry.
3:37 of 1st period - Stopped by Jonathan Quick without a rebound.
3:38 of 1st period - Sam Lafferty wins face-off versus Jeff Skinner in COLORADO Avalanche zone.
3:38 of 1st period - Artem Zub is hit by Tyson Barrie.
4:04 of 1st period - Shot by David Pastrnak.
4:04 of 1st period - Shot Misses the Net.
4:12 of 1st period - Shot by Jeff Skinner.
4:12 of 1st period - Shot Misses the Net.
4:42 of 1st period - Shot by Corey Perry.
4:42 of 1st period - Shot Misses the Net.
4:44 of 1st period - Shot by Tyler Seguin.
4:44 of 1st period - Goal by Tyler Seguin - COLORADO Avalanche : 0 - TORONTO Maple Leafs : 1.
4:45 of 1st period - Ryan Carpenter wins face-off versus Craig Smith in neutral zone.
4:48 of 1st period - Nick Foligno is hit by Ryan Carpenter and loses puck.
5:19 of 1st period - Shot by Craig Smith.
5:19 of 1st period - Goal by Craig Smith - COLORADO Avalanche : 1 - TORONTO Maple Leafs : 1.
5:20 of 1st period - Tyler Seguin wins face-off versus Jason Zucker in neutral zone.
6:02 of 1st period - Tyler Seguin is hit by Tyson Barrie and loses puck.
6:16 of 1st period - Icing by Tyson Barrie.
6:17 of 1st period - Trevor Zegras wins face-off versus Sam Lafferty in COLORADO Avalanche zone.
6:34 of 1st period - Shot by Jake DeBrusk.
6:34 of 1st period - Stopped by Matt Murray without a rebound.
6:34 of 1st period - Minor Penalty to Matt Murray for Slashing.
6:35 of 1st period - Tyler Seguin wins face-off versus David Pastrnak in TORONTO Maple Leafs zone.
8:22 of 1st period - Shot by David Pastrnak.
8:22 of 1st period - Stopped by Matt Murray without a rebound.
8:23 of 1st period - Trevor Zegras wins face-off versus Josh Bailey in TORONTO Maple Leafs zone.
8:56 of 1st period - Shot by Alexander Holtz.
8:56 of 1st period - Stopped by Jonathan Quick with a rebound.
8:58 of 1st period - Shot by Artem Zub.
8:58 of 1st period - Shot Blocked by Kris Russell.
9:00 of 1st period - Shot by Artem Zub.
9:00 of 1st period - Stopped by Jonathan Quick without a rebound.
9:01 of 1st period - Craig Smith wins face-off versus Sam Lafferty in COLORADO Avalanche zone.
9:01 of 1st period - Craig Smith is hit by Mark Jankowski.
9:12 of 1st period - Shot by Craig Smith.
9:12 of 1st period - Stopped by Matt Murray without a rebound.
9:13 of 1st period - Ryan Carpenter wins face-off versus Trevor Zegras in TORONTO Maple Leafs zone.
10:13 of 1st period - Icing by Tyler Seguin.
10:14 of 1st period - Jeff Skinner wins face-off versus Tyler Seguin in TORONTO Maple Leafs zone.
10:15 of 1st period - Shot by David Pastrnak.
10:15 of 1st period - Goal by David Pastrnak - COLORADO Avalanche : 2 - TORONTO Maple Leafs : 1.
10:16 of 1st period - Tyler Seguin wins face-off versus David Pastrnak in neutral zone.
11:00 of 1st period - Josh Bailey is hit by Mark Pysyk and loses puck.
11:22 of 1st period - John Marino is hit by Jordie Benn and loses puck.
11:36 of 1st period - Icing by Jordie Benn.
11:37 of 1st period - Nick Foligno wins face-off versus Ryan Carpenter in COLORADO Avalanche zone.
11:49 of 1st period - Icing by Kris Russell.
11:50 of 1st period - Nick Foligno wins face-off versus Kevin Stenlund in COLORADO Avalanche zone.
12:05 of 1st period - Shot by Jordan Eberle.
12:05 of 1st period - Stopped by Matt Murray without a rebound.
12:06 of 1st period - Tyler Seguin wins face-off versus Trevor Zegras in TORONTO Maple Leafs zone.
12:11 of 1st period - Alex Iafallo is hit by Corey Perry.
12:23 of 1st period - Shot by Tyler Seguin.
12:23 of 1st period - Shot Misses the Net.
12:25 of 1st period - Shot by Vince Dunn.
12:25 of 1st period - Stopped by Jonathan Quick with a rebound.
12:27 of 1st period - Shot by Tyler Seguin.
12:27 of 1st period - Stopped by Jonathan Quick without a rebound.
12:28 of 1st period - Jeff Skinner wins face-off versus Sam Lafferty in COLORADO Avalanche zone.
12:45 of 1st period - Icing by Jake DeBrusk.
12:46 of 1st period - Jeff Skinner wins face-off versus Tyler Seguin in COLORADO Avalanche zone.
12:51 of 1st period - Shot by Tyler Seguin.
12:51 of 1st period - Stopped by Jonathan Quick without a rebound.
12:52 of 1st period - Sam Lafferty wins face-off versus Craig Smith in COLORADO Avalanche zone.
13:33 of 1st period - Shot by Colin White.
13:33 of 1st period - Shot Blocked by Oliver Ekman-Larsson.
13:52 of 1st period - Icing by Tyler Seguin.
13:53 of 1st period - Jeff Skinner wins face-off versus Tyler Seguin in TORONTO Maple Leafs zone.
13:55 of 1st period - David Pastrnak is hit by John Marino and loses puck.
14:08 of 1st period - Shot by Tyler Seguin.
14:08 of 1st period - Stopped by Jonathan Quick without a rebound.
14:09 of 1st period - Trevor Zegras wins face-off versus Ryan Carpenter in COLORADO Avalanche zone.
14:09 of 1st period - Trevor Zegras is hit by Jonah Gadjovich.
14:20 of 1st period - Shot by Alex Goligoski.
14:20 of 1st period - Shot Misses the Net.
14:33 of 1st period - Alex Iafallo is hit by Artem Zub and loses puck.
14:46 of 1st period - Shot by Ryan Carpenter.
14:46 of 1st period - Goal by Ryan Carpenter - COLORADO Avalanche : 2 - TORONTO Maple Leafs : 2.
14:47 of 1st period - Tyler Seguin wins face-off versus Jeff Skinner in neutral zone.
15:06 of 1st period - Shot by Jeff Skinner.
15:06 of 1st period - Shot Blocked by Vince Dunn.
15:14 of 1st period - Shot by David Pastrnak.
15:14 of 1st period - Goal by David Pastrnak - COLORADO Avalanche : 3 - TORONTO Maple Leafs : 2.
15:15 of 1st period - Sam Lafferty wins face-off versus Nick Foligno in neutral zone.
15:41 of 1st period - Icing by Jordan Eberle.
15:42 of 1st period - Tyler Seguin wins face-off versus Nick Foligno in COLORADO Avalanche zone.
16:25 of 1st period - Shot by Jake DeBrusk.
16:25 of 1st period - Shot Blocked by Shayne Gostisbehere.
16:27 of 1st period - Shot by Jeff Skinner.
16:27 of 1st period - Shot Blocked by Shayne Gostisbehere.
16:29 of 1st period - Shot by Oliver Ekman-Larsson.
16:29 of 1st period - Stopped by Matt Murray with a rebound.
16:31 of 1st period - Shot by Jeff Skinner.
16:31 of 1st period - Stopped by Matt Murray without a rebound.
16:32 of 1st period - Sam Lafferty wins face-off versus Trevor Zegras in TORONTO Maple Leafs zone.
16:46 of 1st period - Icing by Jordie Benn.
16:47 of 1st period - Trevor Zegras wins face-off versus Kevin Stenlund in COLORADO Avalanche zone.
16:47 of 1st period - Trevor Zegras is hit by Kevin Stenlund.
16:57 of 1st period - Alex Goligoski is hit by Alex Iafallo and loses puck.
17:04 of 1st period - Shot by Alex Iafallo.
17:04 of 1st period - Stopped by Matt Murray without a rebound.
17:05 of 1st period - Jeff Skinner wins face-off versus Sam Lafferty in TORONTO Maple Leafs zone.
17:06 of 1st period - Shot by David Pastrnak.
17:06 of 1st period - Shot Blocked by Nick Leddy.
17:10 of 1st period - Shot by David Pastrnak.
17:10 of 1st period - Stopped by Matt Murray without a rebound.
17:11 of 1st period - Tyler Seguin wins face-off versus Jeff Skinner in TORONTO Maple Leafs zone.
17:38 of 1st period - Shot by Vince Dunn.
17:38 of 1st period - Stopped by Jonathan Quick with a rebound.
18:32 of 1st period - Shot by Sam Lafferty.
18:32 of 1st period - Stopped by Jonathan Quick with a rebound.
18:54 of 1st period - Shot by Alex Goligoski.
18:54 of 1st period - Stopped by Jonathan Quick without a rebound.
18:55 of 1st period - Trevor Zegras wins face-off versus Jonah Gadjovich in COLORADO Avalanche zone.
19:29 of 1st period - Icing by Alex Goligoski.
19:30 of 1st period - Ryan Carpenter wins face-off versus Craig Smith in TORONTO Maple Leafs zone.
19:32 of 1st period - Alex Goligoski is hit by Nick Foligno and loses puck.
19:59 of 1st period - Shot by Craig Smith.
19:59 of 1st period - Goal by Craig Smith - COLORADO Avalanche : 4 - TORONTO Maple Leafs : 2.
Goals for this period are 4 for COLORADO Avalanche vs 2 for TORONTO Maple Leafs.
Shots for this period are 12 for COLORADO Avalanche vs 12 for TORONTO Maple Leafs.

2nd period


0:01 of 2nd period - Tyler Seguin wins face-off versus Jeff Skinner in neutral zone.
0:10 of 2nd period - Shot by Vince Dunn.
0:10 of 2nd period - Stopped by Jonathan Quick without a rebound.
0:11 of 2nd period - Sam Lafferty wins face-off versus Trevor Zegras in COLORADO Avalanche zone.
0:22 of 2nd period - Shot by Sam Lafferty.
0:22 of 2nd period - Shot Hit the Post.
1:35 of 2nd period - Double Minor Penalty to Vince Dunn for High sticking.
1:36 of 2nd period - Jeff Skinner wins face-off versus Tyler Seguin in TORONTO Maple Leafs zone.
1:43 of 2nd period - Shot by Oliver Ekman-Larsson.
1:43 of 2nd period - Shot Misses the Net.
1:45 of 2nd period - Shot by Jeff Skinner.
1:45 of 2nd period - Shot Blocked by Shayne Gostisbehere.
1:47 of 2nd period - Shot by Alex Iafallo.
1:47 of 2nd period - Stopped by Matt Murray without a rebound.
1:48 of 2nd period - Tyler Seguin wins face-off versus Jeff Skinner in TORONTO Maple Leafs zone.
2:41 of 2nd period - Shot by Jason Zucker.
2:41 of 2nd period - Goal by Jason Zucker - COLORADO Avalanche : 5 - TORONTO Maple Leafs : 2.
2:41 of 2nd period - Alex Nedeljkovic enters game.
2:42 of 2nd period - Trevor Zegras wins face-off versus Josh Bailey in neutral zone.
2:52 of 2nd period - Shot by Alex Iafallo.
2:52 of 2nd period - Shot Misses the Net.
3:00 of 2nd period - Shot by Tyson Barrie.
3:00 of 2nd period - Stopped by Alex Nedeljkovic without a rebound.
3:01 of 2nd period - Tyler Seguin wins face-off versus Jeff Skinner in TORONTO Maple Leafs zone.
4:56 of 2nd period - Icing by Nick Foligno.
4:57 of 2nd period - Craig Smith wins face-off versus Colin White in COLORADO Avalanche zone.
5:16 of 2nd period - Shot by Nick Foligno.
5:16 of 2nd period - Shot Misses the Net.
5:18 of 2nd period - Shot by Zach Aston-Reese.
5:18 of 2nd period - Shot Misses the Net.
5:20 of 2nd period - Shot by Nick Foligno.
5:20 of 2nd period - Shot Misses the Net.
5:22 of 2nd period - Shot by Nick Foligno.
5:22 of 2nd period - Deflect By Craig Smith.
5:22 of 2nd period - Stopped by Alex Nedeljkovic without a rebound.
5:23 of 2nd period - Trevor Zegras wins face-off versus Ryan Carpenter in TORONTO Maple Leafs zone.
5:23 of 2nd period - Alex Iafallo is hit by Nick Leddy and loses puck.
5:32 of 2nd period - Shot by Tyson Barrie.
5:32 of 2nd period - Shot Misses the Net.
5:34 of 2nd period - Shot by Alex Iafallo.
5:34 of 2nd period - Shot Misses the Net.
5:48 of 2nd period - Oliver Ekman-Larsson is hit by Jonah Gadjovich and loses puck.
5:49 of 2nd period - Minor Penalty to Jonah Gadjovich for Roughing.
5:50 of 2nd period - Tyler Seguin wins face-off versus Jeff Skinner in TORONTO Maple Leafs zone.
6:51 of 2nd period - Shot by Oliver Ekman-Larsson.
6:51 of 2nd period - Stopped by Alex Nedeljkovic with a rebound.
7:59 of 2nd period - Artem Zub is hit by Nick Foligno and loses puck.
8:16 of 2nd period - Ryan Carpenter is hit by Nick Foligno and loses puck.
8:25 of 2nd period - Shot by Simon Holmstrom.
8:25 of 2nd period - Stopped by Jonathan Quick with a rebound.
8:27 of 2nd period - Shot by Vince Dunn.
8:27 of 2nd period - Stopped by Jonathan Quick without a rebound.
8:28 of 2nd period - Sam Lafferty wins face-off versus Jeff Skinner in COLORADO Avalanche zone.
8:47 of 2nd period - Shot by Colin White.
8:47 of 2nd period - Shot Misses the Net.
8:49 of 2nd period - Shot by John Marino.
8:49 of 2nd period - Shot Blocked by Mark Pysyk.
9:30 of 2nd period - Icing by Craig Smith.
9:31 of 2nd period - Craig Smith wins face-off versus Tyler Seguin in COLORADO Avalanche zone.
9:40 of 2nd period - Shot by Tyson Barrie.
9:40 of 2nd period - Stopped by Alex Nedeljkovic with a rebound.
10:28 of 2nd period - Jason Zucker is hit by Vince Dunn and loses puck.
10:36 of 2nd period - Trevor Zegras is hit by Shayne Gostisbehere and loses puck.
10:43 of 2nd period - Shot by Alex Iafallo.
10:43 of 2nd period - Goal by Alex Iafallo - COLORADO Avalanche : 6 - TORONTO Maple Leafs : 2.
10:44 of 2nd period - Jeff Skinner wins face-off versus Kevin Stenlund in neutral zone.
10:50 of 2nd period - David Pastrnak is hit by Artem Zub and loses puck.
10:57 of 2nd period - Shot by Artem Zub.
10:57 of 2nd period - Goal by Artem Zub - COLORADO Avalanche : 6 - TORONTO Maple Leafs : 3.
10:58 of 2nd period - Trevor Zegras wins face-off versus Sam Lafferty in neutral zone.
10:58 of 2nd period - Alex Iafallo is hit by Sam Lafferty and loses puck.
11:29 of 2nd period - John Marino is hit by Trevor Zegras and loses puck.
11:33 of 2nd period - Icing by John Marino.
11:34 of 2nd period - Sam Lafferty wins face-off versus Jeff Skinner in TORONTO Maple Leafs zone.
11:34 of 2nd period - Sam Lafferty is hit by Jake DeBrusk.
12:33 of 2nd period - Icing by Oliver Ekman-Larsson.
12:34 of 2nd period - Tyler Seguin wins face-off versus Jeff Skinner in COLORADO Avalanche zone.
12:50 of 2nd period - Icing by Jake DeBrusk.
12:51 of 2nd period - Kevin Stenlund wins face-off versus Jeff Skinner in COLORADO Avalanche zone.
13:05 of 2nd period - Icing by Alex Goligoski.
13:06 of 2nd period - Kevin Stenlund wins face-off versus Nick Foligno in TORONTO Maple Leafs zone.
13:21 of 2nd period - Shot by Kevin Stenlund.
13:21 of 2nd period - Shot Misses the Net.
13:33 of 2nd period - Shot by Jordan Eberle.
13:33 of 2nd period - Shot Misses the Net.
13:41 of 2nd period - Shot by Alex Goligoski.
13:41 of 2nd period - Stopped by Jonathan Quick without a rebound.
13:42 of 2nd period - Corey Perry wins face-off versus Trevor Zegras in COLORADO Avalanche zone.
14:03 of 2nd period - Shot by Corey Perry.
14:03 of 2nd period - Shot Misses the Net.
14:11 of 2nd period - Shot by Alex Iafallo.
14:11 of 2nd period - Shot Misses the Net.
15:02 of 2nd period - Jordan Eberle is hit by Nick Leddy and loses puck.
15:39 of 2nd period - Shot by Jeff Skinner.
15:39 of 2nd period - Shot Misses the Net.
15:41 of 2nd period - Shot by Jake DeBrusk.
15:41 of 2nd period - Shot Blocked by Alex Goligoski.
16:02 of 2nd period - David Pastrnak is hit by Jonah Gadjovich and loses puck.
16:29 of 2nd period - Icing by Oliver Ekman-Larsson.
16:30 of 2nd period - Craig Smith wins face-off versus Tyler Seguin in COLORADO Avalanche zone.
16:30 of 2nd period - Craig Smith is hit by Tyler Seguin.
16:37 of 2nd period - Icing by Tyson Barrie.
16:38 of 2nd period - Craig Smith wins face-off versus Tyler Seguin in COLORADO Avalanche zone.
16:42 of 2nd period - Icing by Nick Foligno.
16:43 of 2nd period - Corey Perry wins face-off versus Craig Smith in COLORADO Avalanche zone.
16:47 of 2nd period - Icing by Tyson Barrie.
16:48 of 2nd period - Craig Smith wins face-off versus Tyler Seguin in COLORADO Avalanche zone.
16:53 of 2nd period - Shot by Tyson Barrie.
16:53 of 2nd period - Stopped by Alex Nedeljkovic with a rebound.
16:55 of 2nd period - Shot by Oliver Ekman-Larsson.
16:55 of 2nd period - Shot Misses the Net.
16:57 of 2nd period - Shot by Nick Foligno.
16:57 of 2nd period - Shot Misses the Net.
16:59 of 2nd period - Shot by Craig Smith.
16:59 of 2nd period - Deflect By Zach Aston-Reese.
16:59 of 2nd period - Stopped by Alex Nedeljkovic with a rebound.
17:01 of 2nd period - Shot by Nick Foligno.
17:01 of 2nd period - Shot Misses the Net.
17:03 of 2nd period - Shot by Craig Smith.
17:03 of 2nd period - Shot Misses the Net.
17:19 of 2nd period - Off-side.
17:20 of 2nd period - Sam Lafferty wins face-off versus Jeff Skinner in neutral zone.
18:43 of 2nd period - Shot by Alex Iafallo.
18:43 of 2nd period - Shot Misses the Net.
18:45 of 2nd period - Shot by Jason Zucker.
18:45 of 2nd period - Shot Misses the Net.
18:47 of 2nd period - Shot by Trevor Zegras.
18:47 of 2nd period - Shot Misses the Net.
18:49 of 2nd period - Shot by Trevor Zegras.
18:49 of 2nd period - Stopped by Alex Nedeljkovic with a rebound.
18:53 of 2nd period - Shot by Alex Iafallo.
18:53 of 2nd period - Stopped by Alex Nedeljkovic with a rebound.
18:59 of 2nd period - Shot by Jason Zucker.
18:59 of 2nd period - Shot Blocked by Tyler Seguin.
Goals for this period are 2 for COLORADO Avalanche vs 1 for TORONTO Maple Leafs.
Shots for this period are 11 for COLORADO Avalanche vs 5 for TORONTO Maple Leafs.

3rd period


0:01 of 3rd period - Jeff Skinner wins face-off versus Tyler Seguin in neutral zone.
0:20 of 3rd period - Shot by Jake DeBrusk.
0:20 of 3rd period - Shot Misses the Net.
0:59 of 3rd period - Icing by Nick Leddy.
1:00 of 3rd period - Sam Lafferty wins face-off versus Trevor Zegras in TORONTO Maple Leafs zone.
1:13 of 3rd period - Shot by Nick Leddy.
1:13 of 3rd period - Shot Blocked by Alex Iafallo.
2:17 of 3rd period - Shot by Nick Foligno.
2:17 of 3rd period - Stopped by Alex Nedeljkovic with a rebound.
2:19 of 3rd period - Shot by Tomas Nosek.
2:19 of 3rd period - Shot Blocked by Alex Goligoski.
2:21 of 3rd period - Shot by Nick Foligno.
2:21 of 3rd period - Stopped by Alex Nedeljkovic without a rebound.
2:22 of 3rd period - Jeff Skinner wins face-off versus Tyler Seguin in TORONTO Maple Leafs zone.
2:43 of 3rd period - Shot by Tyler Seguin.
2:43 of 3rd period - Stopped by Jonathan Quick with a rebound.
2:45 of 3rd period - Shot by Josh Bailey.
2:45 of 3rd period - Shot Misses the Net.
2:47 of 3rd period - Shot by Shayne Gostisbehere.
2:47 of 3rd period - Shot Blocked by Oliver Ekman-Larsson.
3:03 of 3rd period - Shot by Josh Bailey.
3:03 of 3rd period - Stopped by Jonathan Quick without a rebound.
3:04 of 3rd period - Sam Lafferty wins face-off versus Nick Foligno in COLORADO Avalanche zone.
3:23 of 3rd period - Shot by Tomas Nosek.
3:23 of 3rd period - Stopped by Alex Nedeljkovic without a rebound.
3:24 of 3rd period - Trevor Zegras wins face-off versus Ryan Carpenter in TORONTO Maple Leafs zone.
3:29 of 3rd period - Shot by Alex Iafallo.
3:29 of 3rd period - Stopped by Alex Nedeljkovic without a rebound.
3:30 of 3rd period - Sam Lafferty wins face-off versus Trevor Zegras in TORONTO Maple Leafs zone.
3:30 of 3rd period - Shayne Gostisbehere is hit by Alex Iafallo and loses puck.
3:36 of 3rd period - Off-side.
3:37 of 3rd period - Josh Bailey wins face-off versus David Pastrnak in neutral zone.
3:56 of 3rd period - Shayne Gostisbehere is hit by Oliver Ekman-Larsson.
4:22 of 3rd period - Shayne Gostisbehere is hit by Tyson Barrie and loses puck.
4:36 of 3rd period - Icing by Oliver Ekman-Larsson.
4:37 of 3rd period - Jeff Skinner wins face-off versus Ryan Carpenter in COLORADO Avalanche zone.
4:37 of 3rd period - David Pastrnak is hit by Jonah Gadjovich and loses puck.
4:53 of 3rd period - Jonah Gadjovich is hit by Tyson Barrie and loses puck.
5:58 of 3rd period - Alex Iafallo is hit by Sam Lafferty and loses puck.
6:47 of 3rd period - Shot by Tyler Seguin.
6:47 of 3rd period - Stopped by Jonathan Quick without a rebound.
6:48 of 3rd period - Kevin Stenlund wins face-off versus Craig Smith in COLORADO Avalanche zone.
6:59 of 3rd period - Craig Smith is hit by Kevin Stenlund and loses puck.
7:06 of 3rd period - Shot by Zach Aston-Reese.
7:06 of 3rd period - Shot Misses the Net.
8:25 of 3rd period - Shot by Corey Perry.
8:25 of 3rd period - Shot Misses the Net.
9:01 of 3rd period - Shot by Sam Lafferty.
9:01 of 3rd period - Shot Misses the Net.
10:31 of 3rd period - Shot by Vince Dunn.
10:31 of 3rd period - Shot Misses the Net.
10:33 of 3rd period - Shot by Shayne Gostisbehere.
10:33 of 3rd period - Goal by Shayne Gostisbehere - COLORADO Avalanche : 6 - TORONTO Maple Leafs : 4.
10:34 of 3rd period - Kevin Stenlund wins face-off versus Jeff Skinner in neutral zone.
10:49 of 3rd period - Off-side.
10:50 of 3rd period - Craig Smith wins face-off versus Sam Lafferty in neutral zone.
11:11 of 3rd period - Craig Smith is hit by Shayne Gostisbehere and loses puck.
12:04 of 3rd period - Sam Lafferty is hit by Jake DeBrusk.
12:23 of 3rd period - Corey Perry is hit by Zach Bogosian and loses puck.
12:26 of 3rd period - Shot by Tyler Seguin.
12:26 of 3rd period - Deflect By Josh Bailey.
12:26 of 3rd period - Shot Misses the Net.
12:37 of 3rd period - Josh Bailey is hit by Zach Bogosian and loses puck.
12:49 of 3rd period - Tyler Seguin is hit by Mark Pysyk and loses puck.
12:53 of 3rd period - Minor Penalty to Zach Bogosian for Holding.
12:54 of 3rd period - Tyler Seguin wins face-off versus Trevor Zegras in COLORADO Avalanche zone.
13:57 of 3rd period - Shot by Sam Lafferty.
13:57 of 3rd period - Shot Blocked by Jordie Benn.
15:08 of 3rd period - Shot by Nick Foligno.
15:08 of 3rd period - Deflect By Zach Aston-Reese.
15:08 of 3rd period - Stopped by Alex Nedeljkovic without a rebound.
15:09 of 3rd period - Nick Foligno wins face-off versus Kevin Stenlund in TORONTO Maple Leafs zone.
15:37 of 3rd period - Icing by Artem Zub.
15:38 of 3rd period - Kevin Stenlund wins face-off versus Trevor Zegras in TORONTO Maple Leafs zone.
16:49 of 3rd period - Corey Perry is hit by Jeff Skinner and loses puck.
17:41 of 3rd period - Nick Foligno is hit by Vince Dunn and loses puck.
17:53 of 3rd period - Jordan Eberle is hit by Vince Dunn and loses puck.
18:28 of 3rd period - Shot by Colin White.
18:28 of 3rd period - Stopped by Jonathan Quick without a rebound.
18:29 of 3rd period - Kevin Stenlund wins face-off versus Trevor Zegras in COLORADO Avalanche zone.
19:00 of 3rd period - Shot by Jason Zucker.
19:00 of 3rd period - Stopped by Alex Nedeljkovic without a rebound.
19:01 of 3rd period - Jeff Skinner wins face-off versus Sam Lafferty in TORONTO Maple Leafs zone.
19:08 of 3rd period - Shot by Jake DeBrusk.
19:08 of 3rd period - Shot Misses the Net.
19:16 of 3rd period - Shot by Mark Jankowski.
19:16 of 3rd period - Stopped by Jonathan Quick without a rebound.
19:17 of 3rd period - Tyler Seguin wins face-off versus Jeff Skinner in COLORADO Avalanche zone.
19:17 of 3rd period - Tyler Seguin is hit by Kris Russell.
19:32 of 3rd period - Off-side.
19:33 of 3rd period - Sam Lafferty wins face-off versus Trevor Zegras in neutral zone.
19:52 of 3rd period - Shot by Sam Lafferty.
19:52 of 3rd period - Shot Misses the Net.
Goals for this period are 0 for COLORADO Avalanche vs 1 for TORONTO Maple Leafs.
Shots for this period are 6 for COLORADO Avalanche vs 6 for TORONTO Maple Leafs. Output by the SimonT Hockey Simulator (STHS) for Martin Benoit - Original Page W3C HTML5 Valid
Hockey Simulator - Hockey Simulation - Hockey Manager